AoeStats
← 恆浪蕩

Black Forest

504456079Analyzed
4v4 RM · 26d ago on Sep 5, 2026· 37m 47s· 8 players
Game mode
Random Map
Map size
Large (8 player)
Population
200
Speed
Normal
Resources
Standard
Victory
Conquest
Starting age
Dark Age
Ending age
Imperial Age
RankedLock teamsTeams togetherTeam positionsShared explorationLock speedFull tech treeHidden civsTurbo modeCheats
Victory
Defeat
🇹🇼 Bohemians · Taiwan
1606
+11
🇹🇼 Burmese · Taiwan
1556
+13
🇹🇼 Ethiopians · Taiwan
1545
+14
🇦🇷 Spanish · Argentina
1526
+14
🇨🇳 Persians · China
1548
-15
1490
-13
🇩🇪 Bohemians · Germany
1479
-12
🇮🇹 Saracens · Italy
1455
-12
种田人口才是基本盘
4:40 Loom
8:52 Feudal Age
9:24 Double-Bit Axe
10:02 Horse Collar
17:41 Castle Age
19:00 Bow Saw
18:54 Heavy Plow
23:16 Wheelbarrow
23:21 Husbandry
24:58 Stone Mining
33:18 Imperial Age
31:19 Gold Mining
32:35 Gold Shaft Mining
32:43 Bloodlines
33:56 Hand Cart
34:26 Scale Barding Armor
35:17 Crop Rotation
34:14 Elite Battle Elephant
36:51 Conscription
36:59 Chain Barding Armor
37:12 Forging
逝
0:28 Loom
10:03 Feudal Age
14:40 Castle Age
12:56 Double-Bit Axe
13:41 Gold Mining
15:36 Bow Saw
15:42 Horse Collar
25:11 Gold Shaft Mining
26:18 Town Watch
27:03 Heavy Plow
27:07 Stone Mining
28:14 Wheelbarrow
31:11 Imperial Age
29:33 Stone Shaft Mining
29:11 Scale Barding Armor
30:36 Hand Cart
31:10 Chain Barding Armor
31:02 Forging
31:43 Bloodlines
31:33 Husbandry
32:02 Conscription
31:32 Elite War Elephant
33:37 Plate Barding Armor
33:46 Iron Casting
Breznsoiza
0:55 Loom
0:58 Loom
10:21 Feudal Age
14:29 Fletching
15:53 Horse Collar
16:51 Double-Bit Axe
24:10 Castle Age
23:28 Padded Archer Armor
25:00 Bodkin Arrow
24:47 Crossbowman
26:30 Ballistics
29:35 Bow Saw
33:20 Wheelbarrow
32:52 Heavy Plow
34:51 Fortified Wall
Guts
0:52 Loom
11:38 Feudal Age
12:14 Double-Bit Axe
13:27 Fletching
20:44 Castle Age
19:04 Horse Collar
19:36 Padded Archer Armor
20:46 Crossbowman
21:45 Gold Mining
23:19 Bodkin Arrow
31:15 Imperial Age
29:16 Bow Saw
29:36 Heavy Plow
31:52 Ballistics
31:16 Arbalester
32:06 Bracer
33:07 Leather Archer Armor
默默默默默
12:35 Feudal Age
13:19 Loom
16:25 Castle Age
14:36 Double-Bit Axe
14:53 Horse Collar
15:17 Stone Mining
15:15 Horse Collar
18:14 Bow Saw
24:29 Padded Archer Armor
26:10 Leather Archer Armor
29:09 Leather Archer Armor
30:45 Wheelbarrow
31:46 Hand Cart
32:04 Heavy Plow
36:37 Imperial Age
34:05 Gold Mining
35:19 Scale Barding Armor
35:25 Forging
37:18 Bloodlines
37:08 Husbandry
37:09 Scale Mail Armor
37:31 Chain Barding Armor
37:46 Iron Casting
36:39 Cavalier
恆浪蕩
0:32 Loom
11:14 Feudal Age
15:46 Castle Age
14:15 Horse Collar
23:08 Heavy Plow
25:30 Gold Mining
28:21 Wheelbarrow
28:36 Town Watch
31:44 Imperial Age
29:55 Scale Barding Armor
29:35 Treadmill Crane
31:17 Chain Barding Armor
31:21 Forging
31:30 Hand Cart
31:21 Husbandry
31:33 Bloodlines
32:12 Fortified Wall
32:35 Howdah
34:49 Conscription
35:19 Plate Barding Armor
35:06 Ballistics
37:32 Elite Battle Elephant
她要你就給她嘛
11:18 Feudal Age
12:09 Double-Bit Axe
14:58 Castle Age
12:40 Horse Collar
16:48 Bow Saw
17:17 Heavy Plow
23:19 Wheelbarrow
28:28 Imperial Age
26:52 Scale Mail Armor
27:02 Forging
27:13 Hand Cart
27:17 Fervor
28:19 Chemistry
28:11 Chain Mail Armor
28:04 Treadmill Crane
28:29 Squires
29:17 Iron Casting
28:06 Pikeman
29:16 Houfnice
29:44 Halberdier
31:47 Plate Mail Armor
31:39 Siege Engineers
33:13 Blast Furnace
32:22 Caravan
33:26 Loom
35:39 Two-Man Saw
friend00792
0:58 Loom
13:57 Feudal Age
14:35 Double-Bit Axe
22:22 Castle Age
21:00 Gold Mining
20:52 Horse Collar
22:26 Crossbowman
22:57 Fletching
23:22 Bow Saw
25:23 Bodkin Arrow
26:56 Ballistics
35:37 Wheelbarrow
39:03 Imperial Age
36:44 Stone Mining
37:29 Scale Mail Armor
37:30 Squires
Connection lost

Rejoining the realm…

Still unreachable

The connection could not be restored.

Session expired

The server has moved on; the page needs a fresh start.